 Dungeon Crawl Stone Soup version 0.18.1-50-g88ac8fd (webtiles) character file.

90 Natan the Poker (level 4, -1/35 HPs)
             Began as a Merfolk Gladiator on Dec 7, 2016.
             Hit by a goblin thrown by Robin (3 damage)
             ... on level 3 of the Dungeon.
             The game lasted 00:11:30 (1748 turns).

Natan the Poker (Merfolk Gladiator)                 Turns: 1748, Time: 00:11:31

Health: -1/35      AC:  4    Str: 15    XL:     4   Next: 56%
Magic:  4/4        EV: 14    Int:  7    God:
Gold:   81         SH:  0    Dex: 15    Spells: 0 memorised, 3 levels left

rFire  . . .     SeeInvis .     a - +0 trident
rCold  . . .     Gourm    .     b - +0 leather armour
rNeg   . . .     Faith    .     (no shield)
rPois  .         Spirit   .     c - +0 helmet
rElec  .         Dismiss  .     (no cloak)
rCorr  .         Reflect  .     (no gloves)
SustAt .         Harm     .     (no boots)
MR     .....                    (no amulet)
Stlth  +.........               (no ring)
                                (no ring)

@: not resistant to hostile enchantments, very unstealthy
A: change form in water, swift swim
a: no special abilities


You were on level 3 of the Dungeon.
You were hungry.

You visited 1 branch of the dungeon, and saw 3 of its levels.

You collected 81 gold pieces.

Inventory:

Hand Weapons
 a - a +0 trident (weapon)
Missiles
 d - 3 throwing nets (quivered)
Armour
 b - a +0 leather armour (worn)
 c - a +0 helmet (worn)
Jewellery
 j - an uncursed ring of magical power {unknown}
 n - a cursed -5 ring of slaying {unknown}
 s - an uncursed ring of stealth {unknown}
 v - an uncursed amulet of faith {unknown}
Scrolls
 e - a scroll of remove curse {unknown}
 h - a scroll of identify {unknown}
 q - 2 scrolls of immolation {unknown}
 t - a scroll of teleportation {unknown}
Potions
 i - a potion of cancellation {unknown}
 k - a potion of mutation {unknown}
 m - a potion of agility {unknown}
 o - a potion of magic {unknown}
 r - 2 potions of flight {unknown}
 w - a potion of heal wounds {unknown}
Comestibles
 f - a bread ration
 l - 3 beef jerkies
 p - a slice of pizza
 u - a meat ration


   Skills:
 * Level 3.2 Fighting
 + Level 5.5 Polearms
 - Level 2.0 Throwing
 + Level 5.2 Dodging


You had 3 spell levels left.
You didn't know any spells.

Dungeon Overview and Level Annotations

Branches:
Dungeon (3/15)

Altars:

Annotations:
D:3 Robin; Sigmund; lanetrain's ghost, weakling NaVM


Message History

You puncture the goblin!
You kill the goblin!
The goblin closely misses you. Robin throws the goblin at you!
* * * LOW HITPOINT WARNING * * *
You closely miss the goblin. The goblin hits you.
* * * LOW HITPOINT WARNING * * *
The goblin closely misses you.
You closely miss the goblin. The goblin hits you.
* * * LOW HITPOINT WARNING * * *
The goblin completely misses you.
You hit the goblin.
You kill the goblin!
The goblin no longer looks unusually strong.
The goblin closely misses you.
Robin roars a battlecry!
The goblin goes into a battle-frenzy!
Things that are here:
a dagger; a goblin corpse x2
Robin throws the goblin at you!
You die...

#.#.#### #.#.#
#.#....#
#.####.######
#.#.........#
#.#.........#
#.#.........# #
#.#####.#######.#
#.# ##g####<...#
#.####..@....####
#.#....g######
#...###)# #####
#g# #g# #.# g..
#.... #.....


You could see Robin, a hobgoblin and 3 goblins.

Vanquished Creatures
  An orc wizard (D:2)
  A worm (D:2)
  A giant gecko (D:2)
  An orc (D:3)
  3 giant cockroaches (D:2)
  8 goblins
  7 hobgoblins
  8 jackals
  A ball python (D:2)
  7 bats
  6 giant newts
  3 kobolds
  6 rats
53 creatures vanquished.

Notes
Turn   | Place    | Note
--------------------------------------------------------------
     0 | D:1      | Natan the Merfolk Gladiator began the quest for the Orb.
     0 | D:1      | Reached XP level 1. HP: 16/16 MP: 1/1
   244 | D:1      | Reached XP level 2. HP: 14/22 MP: 2/2
   767 | D:2      | Reached XP level 3. HP: 24/28 MP: 3/3
   776 | D:2      | Reached skill level 5 in Polearms
   940 | D:2      | Reached skill level 5 in Dodging
  1393 | D:3      | Noticed lanetrain's ghost (weakling NaVM)
  1411 | D:2      | Reached XP level 4. HP: 12/35 MP: 4/4
  1632 | D:3      | Noticed Sigmund
  1708 | D:3      | Noticed Robin
  1738 | D:3      | HP: 1/35 [goblin[Robin] (4)]
  1744 | D:3      | HP: 1/35 [goblin[Robin] (3)]
  1748 | D:3      | Hit by a goblin thrown by Robin

Skill      XL: |  1  2  3 |
---------------+----------+-----
Polearms       | 5 |  5.5
Dodging        | 5 |  5.2
Fighting       | 3 |  3.2
Throwing       | |  2.0

Action                   |  1- 3 |  4- 6 || total
-------------------------+-------+-------++-------
Melee: Trident           |   148 |    46 ||   194
  Use: Potion            |     1 |     2 ||     3
 Stab: Sleeping          |     4 |       ||     4
  Eat: Chunk             |     2 |       ||     2
Armor: Leather armour    |    34 |     6 ||    40
Dodge: Dodged            |    91 |    43 ||   134
